BR
GILBERT FIRE FIGHTERS @ PUNTA CANA HUTIAS
08/08/2027
 
TOP OF THE 1ST
Gilbert Fire Fighters batting - Pitching for Punta Cana Hutias : RHP Tim Hernández
Pitching: RHP Tim Hernández
Batting: RHB Cristián Cauozos 0-0: Foul Ball, location: 2F
0-1: Ball
1-1: Ball
2-1: Swinging Strike
2-2: Strikes out swinging
Batting: RHB James Richardson 0-0: Ball
1-0: Foul Ball, location: 2F
1-1: Ball
2-1: Fly out, F4 (Line Drive, 4M)
Batting: SHB George Wells 0-0: Ball
1-0: Swinging Strike
1-1: Ball
2-1: Foul Ball, location: 2F
2-2: Ground out 6-3 (Groundball, 6)
Top of the 1st over - 0 run(s), 0 hit(s), 0 error(s), 0 left on base; Gilbert 0 - Punta Cana 0
BOTTOM OF THE 1ST
Punta Cana Hutias batting - Pitching for Gilbert Fire Fighters : RHP Ángel Rodríguez
Pitching: RHP Ángel Rodríguez
Batting: RHB Alejandro Ramírez 0-0: Ball
1-0: Ball
2-0: Fly out, F8 (Flyball, 89D)
Batting: RHB Edgardo Vásquez 0-0: Ball
1-0: Ball
2-0: Ball
3-0: Base on Balls
Batting: LHB Juan Rodríguez 0-0: SINGLE (Line Drive, 7S)
Edgardo Vásquez to second
Batting: LHB Justin McCoy 0-0: Ball
1-0: Ball
2-0: Foul Ball, location: 2F
2-1: Ball
3-1: Called Strike
3-2: Fly out, F7 (Flyball, 7S)
Batting: SHB Alonso Contrera 0-0: Ball
1-0: Called Strike
1-1: Ball
2-1: Fly out, F7 (Flyball, 7S)
Bottom of the 1st over - 0 run(s), 1 hit(s), 0 error(s), 2 left on base; Gilbert 0 - Punta Cana 0
TOP OF THE 2ND
Gilbert Fire Fighters batting - Pitching for Punta Cana Hutias : RHP Tim Hernández
Batting: RHB George Medine 0-0: Called Strike
0-1: Swinging Strike
0-2: Ball
1-2: Ball
2-2: Foul Ball, location: 2F
2-2: Foul Ball, location: 2F
2-2: Foul Ball, location: 2F
2-2: Strikes out swinging
Batting: LHB Bill Handy 0-0: Ball
1-0: Called Strike
1-1: Ball
2-1: Ball
3-1: Fly out, F7 (Flyball, 7LD)
Batting: RHB Jorge Álvarez 0-0: Ball
1-0: Ground out 6-3 (Groundball, 6)
Top of the 2nd over - 0 run(s), 0 hit(s), 0 error(s), 0 left on base; Gilbert 0 - Punta Cana 0
BOTTOM OF THE 2ND
Punta Cana Hutias batting - Pitching for Gilbert Fire Fighters : RHP Ángel Rodríguez
Batting: LHB Pat Williams 0-0: Ball
1-0: Foul Ball, location: 2F
1-1: Ball
2-1: Ground out U3 (Groundball, 34)
Batting: RHB Ben Kearley 0-0: Ball
1-0: Foul Ball, location: 2F
1-1: Fly out, F9 (Flyball, 9LMF)
Batting: RHB Millard Ferguson 0-0: SINGLE (Groundball, 34S) (infield hit)
Batting: RHB Ricardo Murillo 0-0: DOUBLE (Line Drive, 7)
Millard Ferguson to third
Runner from 3rd tries for Home, throw and OUT!
Bottom of the 2nd over - 0 run(s), 2 hit(s), 0 error(s), 1 left on base; Gilbert 0 - Punta Cana 0
TOP OF THE 3RD
Gilbert Fire Fighters batting - Pitching for Punta Cana Hutias : RHP Tim Hernández
Batting: RHB Carl Curry 0-0: Ball
1-0: Foul Ball, location: 2F
1-1: SINGLE (Line Drive, 89S)
Batting: RHB James Jones 0-0: Ball
1-0: Ball
2-0: Called Strike
2-1: Called Strike
2-2: Foul Ball, location: 2F
2-2: Strikes out swinging
Batting: RHB Ángel Rodríguez 0-0: Ground out 6-3 (Groundball, 6S)
Carl Curry to second
Batting: RHB Cristián Cauozos 0-0: Ball
1-0: Called Strike
1-1: Fly out, F8 (Flyball, 8LXD)
Top of the 3rd over - 0 run(s), 1 hit(s), 0 error(s), 1 left on base; Gilbert 0 - Punta Cana 0
BOTTOM OF THE 3RD
Punta Cana Hutias batting - Pitching for Gilbert Fire Fighters : RHP Ángel Rodríguez
Batting: RHB Alejandro Ramírez 0-0: Swinging Strike
0-1: Ball
1-1: Ball
2-1: Fly out, F7 (Line Drive, 7)
Batting: RHB Edgardo Vásquez 0-0: Ball
1-0: Foul Ball, location: 2F
1-1: Foul Ball, location: 2F
1-2: Ball
2-2: Foul Ball, location: 2F
2-2: Fly out, F8 (Line Drive, 8RS)
Batting: LHB Juan Rodríguez 0-0: Ball
1-0: DOUBLE (Line Drive, 78M)
Batting: LHB Justin McCoy 0-0: Called Strike
0-1: Ball
1-1: Called Strike
1-2: Ball
2-2: Ball
3-2: Base on Balls
Batting: SHB Alonso Contrera 0-0: Called Strike
0-1: Ball
1-1: Ball
2-1: Called Strike
2-2: Ball
3-2: Strikes out looking
Bottom of the 3rd over - 0 run(s), 1 hit(s), 0 error(s), 2 left on base; Gilbert 0 - Punta Cana 0
TOP OF THE 4TH
Gilbert Fire Fighters batting - Pitching for Punta Cana Hutias : RHP Tim Hernández
Batting: RHB James Richardson 0-0: Ball
1-0: Ground out 5-3 (Groundball, 5S)
Batting: SHB George Wells 0-0: Called Strike
0-1: Ground out 4-3 (Groundball, 4)
Batting: RHB George Medine 0-0: SOLO HOME RUN (Flyball, 89D), Distance : 437 ft
Batting: LHB Bill Handy 0-0: Called Strike
0-1: Called Strike
0-2: Foul Ball, location: 2F
0-2: Foul Ball, location: 2F
0-2: Ball
1-2: Strikes out looking
Top of the 4th over - 1 run(s), 1 hit(s), 0 error(s), 0 left on base; Gilbert 1 - Punta Cana 0
BOTTOM OF THE 4TH
Punta Cana Hutias batting - Pitching for Gilbert Fire Fighters : RHP Ángel Rodríguez
Batting: LHB Pat Williams 0-0: Ball
1-0: Ground out U3 (Groundball, 34)
Batting: RHB Ben Kearley 0-0: Ball
1-0: Ball
2-0: Ground out U3 (Groundball, 3)
Batting: RHB Millard Ferguson 0-0: Ball
1-0: Ball
2-0: Ground out U3 (Groundball, 34)
Bottom of the 4th over - 0 run(s), 0 hit(s), 0 error(s), 0 left on base; Gilbert 1 - Punta Cana 0
TOP OF THE 5TH
Gilbert Fire Fighters batting - Pitching for Punta Cana Hutias : RHP Tim Hernández
Batting: RHB Jorge Álvarez 0-0: Ground out 5-3 (Groundball, 5)
Batting: RHB Carl Curry 0-0: Ball
1-0: Swinging Strike
1-1: Swinging Strike
1-2: Ball
2-2: Ball
3-2: Base on Balls
Batting: RHB James Jones 0-0: Ball
1-0: Fly out, F3 (Popup, 3L)
Batting: RHB Ángel Rodríguez 0-0: Ball
1-0: Ball
2-0: Called Strike
2-1: Ball
3-1: Base on Balls
Carl Curry to second
Batting: RHB Cristián Cauozos 0-0: Ball
1-0: Fielders Choice at 2nd, 4-6 (Groundball, 4)
Top of the 5th over - 0 run(s), 0 hit(s), 0 error(s), 1 left on base; Gilbert 1 - Punta Cana 0
BOTTOM OF THE 5TH
Punta Cana Hutias batting - Pitching for Gilbert Fire Fighters : RHP Ángel Rodríguez
Batting: RHB Ricardo Murillo 0-0: Ball
1-0: Ball
2-0: Ball
3-0: Base on Balls
Batting: RHB Alejandro Ramírez 0-0: Called Strike
0-1: Called Strike
0-2: Foul Ball, location: 2F
0-2: Foul Ball, location: 2F
0-2: Strikes out swinging
Batting: RHB Edgardo Vásquez 0-0: Fielders Choice at 2nd, 5-4 (Groundball, 56)
Batting: LHB Juan Rodríguez 0-0: Ball
1-0: Foul Ball, location: 2F
1-1: Ball
2-1: Ball
3-1: Fielders Choice at 2nd, 4-6 (Groundball, 4)
Bottom of the 5th over - 0 run(s), 0 hit(s), 0 error(s), 0 left on base; Gilbert 1 - Punta Cana 0
TOP OF THE 6TH
Gilbert Fire Fighters batting - Pitching for Punta Cana Hutias : RHP Tim Hernández
Batting: RHB James Richardson 0-0: Ball
1-0: Ball
2-0: Ball
3-0: Called Strike
3-1: Fly out, F8 (Flyball, 8RS)
Batting: SHB George Wells 0-0: Ball
1-0: Swinging Strike
1-1: Foul Ball, location: 2F
1-2: Ground out 1-3 (Groundball, 13S)
Batting: RHB George Medine 0-0: Ball
1-0: Ball
2-0: Called Strike
2-1: Ball
3-1: Fly out, F8 (Line Drive, 78M)
Top of the 6th over - 0 run(s), 0 hit(s), 0 error(s), 0 left on base; Gilbert 1 - Punta Cana 0
BOTTOM OF THE 6TH
Punta Cana Hutias batting - Pitching for Gilbert Fire Fighters : RHP Ángel Rodríguez
Batting: LHB Justin McCoy 0-0: Called Strike
0-1: Foul Ball, location: 2F
0-2: Ball
1-2: Ball
2-2: Ball
3-2: Fly out, F8 (Flyball, 8RM)
Batting: SHB Alonso Contrera 0-0: Called Strike
0-1: Ball
1-1: Foul Ball, location: 2F
1-2: Strikes out swinging
Batting: LHB Pat Williams 0-0: SINGLE (Groundball, 56D)
Batting: RHB Ben Kearley 0-0: Ball
1-0: Fielders Choice at 2nd, 6-4 (Groundball, 6)
Bottom of the 6th over - 0 run(s), 1 hit(s), 0 error(s), 0 left on base; Gilbert 1 - Punta Cana 0
TOP OF THE 7TH
Gilbert Fire Fighters batting - Pitching for Punta Cana Hutias : RHP Tim Hernández
Pitching: RHP Nick Davis
Batting: LHB Bill Handy 0-0: Ball
1-0: Called Strike
1-1: Fly out, F3 (Popup, 3D)
Batting: RHB Jorge Álvarez 0-0: Fly out, F8 (Flyball, 8RM)
Batting: RHB Carl Curry 0-0: Ball
1-0: Foul Ball, location: 2F
1-1: Called Strike
1-2: Ball
2-2: Strikes out swinging
Top of the 7th over - 0 run(s), 0 hit(s), 0 error(s), 0 left on base; Gilbert 1 - Punta Cana 0
BOTTOM OF THE 7TH
Punta Cana Hutias batting - Pitching for Gilbert Fire Fighters : RHP Ángel Rodríguez
Batting: RHB Millard Ferguson 0-0: Foul Ball, location: 2F
0-1: Ball
1-1: Ball
2-1: Swinging Strike
2-2: Foul Ball, location: 2F
2-2: Foul Ball, location: 2F
2-2: Foul Ball, location: 2F
2-2: Foul Ball, location: 2F
2-2: Ball
3-2: Strikes out looking
Batting: RHB Ricardo Murillo 0-0: Ball
1-0: Ball
2-0: Ball
3-0: Base on Balls
Batting: RHB Alejandro Ramírez 0-0: Ball
Ricardo Murillo is caught stealing 2nd base
1-0: Ground out 1-3 (Groundball, P)
Bottom of the 7th over - 0 run(s), 0 hit(s), 0 error(s), 0 left on base; Gilbert 1 - Punta Cana 0
TOP OF THE 8TH
Gilbert Fire Fighters batting - Pitching for Punta Cana Hutias : RHP Nick Davis
Batting: RHB James Jones 0-0: Ground out 6-3 (Groundball, 6)
Batting: RHB Ángel Rodríguez 0-0: Called Strike
0-1: Ball
1-1: Called Strike
1-2: Foul Ball, location: 2F
1-2: Strikes out swinging
Batting: RHB Cristián Cauozos 0-0: Foul Ball, location: 2F
0-1: Foul Ball, location: 2F
0-2: Ball
1-2: Ball
2-2: Ball
3-2: Foul Ball, location: 2F
3-2: SOLO HOME RUN (Flyball, 8LXD), Distance : 443 ft
Batting: RHB James Richardson 0-0: Called Strike
0-1: Foul Ball, location: 2F
0-2: Foul Ball, location: 2F
0-2: Strikes out swinging
Top of the 8th over - 1 run(s), 1 hit(s), 0 error(s), 0 left on base; Gilbert 2 - Punta Cana 0
BOTTOM OF THE 8TH
Punta Cana Hutias batting - Pitching for Gilbert Fire Fighters : RHP Ángel Rodríguez
Batting: RHB Edgardo Vásquez 0-0: Called Strike
0-1: Ball
1-1: Ball
2-1: Called Strike
2-2: Reached on error, E6 (Groundball, 56)
Batting: LHB Juan Rodríguez 0-0: Called Strike
0-1: Foul Ball, location: 2F
0-2: Ball
1-2: SINGLE (Line Drive, 78S)
Edgardo Vásquez to second
Batting: LHB Justin McCoy 0-0: Ball
1-0: Foul Ball, location: 2F
1-1: Swinging Strike
1-2: Ball
2-2: Fly out, F9 (Flyball, 9LS)
Batting: SHB Alonso Contrera 0-0: SINGLE (Line Drive, 78S)
Edgardo Vásquez to third
Juan Rodríguez to second
Runner from 3rd tries for Home, SAFE, no throw
Pinch Hitting: RHB Armando Arellano 0-0: Ball
1-0: Ball
2-0: Fly out, F9 (Flyball, 9S)
Pinch Hitting: LHB Ernesto Meléndez 0-0: Ball
1-0: SINGLE (Groundball, 4D)
Juan Rodríguez to third
Alonso Contrera to second
Runner from 3rd tries for Home, throw and OUT!
Bottom of the 8th over - 1 run(s), 3 hit(s), 1 error(s), 2 left on base; Gilbert 2 - Punta Cana 1
TOP OF THE 9TH
Gilbert Fire Fighters batting - Pitching for Punta Cana Hutias : RHP Nick Davis
Pitching: RHP Ángel Casillas
Now at 1B: Armando Arellano
Now in LF: Ernesto Meléndez
Batting: SHB George Wells 0-0: Ball
1-0: Swinging Strike
1-1: Swinging Strike
1-2: DOUBLE (Flyball, 78D)
Batting: RHB George Medine 0-0: Ball
1-0: Foul Ball, location: 2F
1-1: Foul Ball, location: 2F
1-2: Ball
2-2: Ground out 5-3 (Groundball, 56)
Batting: LHB Bill Handy 0-0: Intentional Walk
Batting: RHB Jorge Álvarez 0-0: Ball
1-0: Foul Ball, location: 2F
1-1: Grounds into double play, 6-4-3 (Groundball, 6)
Top of the 9th over - 0 run(s), 1 hit(s), 0 error(s), 1 left on base; Gilbert 2 - Punta Cana 1
BOTTOM OF THE 9TH
Punta Cana Hutias batting - Pitching for Gilbert Fire Fighters : RHP Ángel Rodríguez
Pinch Hitting: SHB Ken Gibson 0-0: Ball
1-0: Called Strike
1-1: Swinging Strike
1-2: Ball
2-2: Ball
3-2: Foul Ball, location: 2F
3-2: Foul Ball, location: 2F
3-2: Foul Ball, location: 2F
3-2: Foul Ball, location: 2F
3-2: SINGLE (Flyball, 7LS)
Pinch Hitting: RHB Alberto García 0-0: Ball
1-0: Sac Bunt - play at first, batter OUT! 3-4
Ken Gibson to second
Batting: RHB Alejandro Ramírez 0-0: Called Strike
0-1: Swinging Strike
0-2: SINGLE (Groundball, 6M) (infield hit)
Ken Gibson to third
Batting: RHB Edgardo Vásquez 0-0: Foul Ball, location: 2F
0-1: Swinging Strike
0-2: Foul Ball, location: 2F
0-2: Ball
1-2: SINGLE (Flyball, 7LM)
Ken Gibson scores
Alejandro Ramírez to second
Batting: LHB Juan Rodríguez 0-0: Swinging Strike
0-1: Ball
1-1: Ball
2-1: SINGLE (Flyball, 8LS)
Alejandro Ramírez to third
Edgardo Vásquez to second
Runner from 3rd tries for Home, SAFE, no throw
Thursday, March 30th, 2017 - OOTP Baseball 17.12 Build 75